 Dungeon Sprint DCSS version 0.18-a0-1292-ge8ad84c (webtiles) character file.

54514 Kidiri the Unseen (level 12, -6/65 HPs)
             Began as a Spriggan Enchanter on Feb 9, 2016.
             Was the Champion of Dithmenos.
             Mangled by a dire elephant (29 damage)
             ... in the Dungeon (Sprint III: "The Ten Rune Challenge").
             The game lasted 00:40:31 (5219 turns).

Kidiri the Unseen (Spriggan Enchanter)              Turns: 5219, Time: 00:40:32

Health: -6/65      AC:  5    Str:  8    XL:     12   Next: 99%
Magic:  6/32       EV: 24    Int: 19    God:    Dithmenos [******]
Gold:   14         SH:  0    Dex: 19    Spells: 5 memorised, 30 levels left

rFire  x . .     SeeInvis +     a - +1 dagger
rCold  + + .     Gourm    .     s - ice dragon hide
rNeg   . . .     Faith    .     (shield restricted)
rPois  .         Spirit   .     (helmet restricted)
rElec  .         Dismiss  .     (no cloak)
rCorr  .         Reflect  .     (gloves unavailable)
SustAt .         Harm     .     (boots unavailable)
MR     ++...     Clarity  +     (no amulet)
Stlth  ++++++++++ NoTele   +    (no ring)
                                t - ring of stealth

@: very slightly contaminated, slowed, wreathed by umbra, quick, very resistant
to hostile enchantments, uncannily stealthy
A: unfitting armour, repulsion field 1, see invisible, berserk 1, clarity,
herbivore 3, speed 3, mutation resistance 1, slow metabolism 2, strong 2
a: Shadow Step, Shadow Form, Renounce Religion
}: 2/10 runes: decaying, barnacled


You were in the Dungeon.
You worshipped Dithmenos.
Dithmenos was exalted by your worship.
You were not hungry.

You visited 1 branch You collected 14 gold pieces.

Inventory:

Hand Weapons
 a - a +1 dagger (weapon)
Armour
 b - a +1 robe
 s - an ice dragon hide (worn)
Jewellery
 t - a ring of stealth (left hand)
Wands
 l - a wand of lightning (9/15)
Scrolls
 m - 2 scrolls of immolation {unknown}
 n - 3 scrolls of remove curse
 r - a scroll of torment
Potions
 c - a potion of might
 e - a potion of brilliance
 f - a potion of heal wounds
 g - a potion of haste
 h - a potion of magic
 i - a potion of berserk rage
 p - 3 potions of cure mutation
 q - 3 potions of flight
Comestibles
 d - a bread ration
 o - 33 royal jellies


   Skills:
 + Level 8.2 Fighting
 * Level 14.2 Short Blades
 + Level 7.3 Armour
 * Level 17.9 Dodging
 * Level 19.6 Stealth
 * Level 15.7 Spellcasting
 + Level 7.2 Conjurations
 + Level 12.0 Hexes
 + Level 8.0 Ice Magic
 - Level 2.4 Invocations
 + Level 10.0 Evocations


You had 30 spell levels left.
You knew the following spells:

 Your Spells              Type           Power        Failure   Level  Hunger
a - Corona                Hex            ######.      1%          1    None
b - Ensorcelled Hibernat  Hex/Ice        ######       1%          2    None
c - Confuse               Hex            ######..     1%          3    None
d - Tukima's Dance        Hex            ######..     1%          3    None
e - Dazzling Spray        Conj/Hex       ######..     2%          3    None


Dungeon Overview and Level Annotations

Branches:
Dungeon (1/1)

Altars:
Cheibriados
Dithmenos
Elyvilon
Fedhas
Gozag
Kikubaaqudgha
Makhleb
Nemelex Xobeh
Okawaru
Pakellas
Qazlal
Ru
Sif Muna
Trog
Vehumet
Xom
Yredelemnul
Zin
The Shining One
Jiyva
Lugonu

Shops:
D }![=%[


Innate Abilities, Weirdness & Mutations

You are tiny and cannot use many weapons and most armour.
You have supernaturally acute eyesight.
You are a herbivore.
You cover ground extremely quickly.
You need consume almost no food.
You are surrounded by a mild repulsion field (EV +2).
You tend to lose your temper in combat.
You possess an exceptional clarity of mind.
You are somewhat resistant to further mutation.
Your muscles are very strong. (Str +4)


Message History

Your Hexes skill increases to level 12!
Your Ice Magic skill increases to level 8!
Your Evocations skill increases to level 10!
The bat disappears in a puff of smoke!
Unknown command.
Casting: Dazzling Spray
Confirm with . or Enter, or press ? or * to list all spells.
Aiming: Dazzling Spray
Press: ? - help, Shift-Dir - straight line, f - dire elephant
Aim: a dire elephant (umbra)
The spray of energy hits the dire elephant.
Your shadow mimicks your spell!
The shadow shard hits the dire elephant.
The dire elephant tramples you!
You emit a cloud of dark smoke.
You stumble backwards!
The dire elephant tramples you!!
Ouch! That really hurt!
You emit a cloud of dark smoke.
You stumble backwards!
Unknown command.
You open the door. The dire elephant tramples you!!
You die...

▓.....%...........#___#__+...#.#.
▓▓▓▓▓▓▓▓▓▓▓▓▓▓▓▓▓▓▓▓▓▓▓▓▓▓▓▓▓▓▓▓▓
▓...+.≈≈.≈≈≈≈≈♣♣.....♣♣♣♣≈≈≈....
▓Y.P#≈≈Y≈≈≈§≈≈♣♣.≈≈≈≈+♣♣'♣≈≈≈≈≈≈
▓YPP#≈Y§≈§§§≈≈.'....%#.≈♣♣♣♣♣♣♣♣
▓..P#≈≈§§§§§.≈♣♣♣♣♣♣♣#..♣♣
▓..$#≈≈≈§≈≈≈≈†♣ ###+♣♣♣♣♣♣♣
▓##'####'#######♣ ♣♣♣♣.##..##≈
▓.......§§Y§§YY@♣♣ ♣...##.##.#≈
▓#+#############'♣ ♣♣.##.##.##+
...#≈...........♣ ♣..#.##...#
▓...+≈≈...########♣♣ ♣♣.##.##.)#
▓JJ.#≈≈≈...........♣ ♣♣.##.#####
▓JJ.#≈≈≈≈..........♣ ♣.....##...
#+#############+#############+##
▓%...........▓#.♣♣
▓≈≈P......P≈≈▓#♣.♣


You could see 2 dire elephants.

Vanquished Creatures
  Rupert (D)
  A kraken (D)
  Gastronok (D)
  Maud (D)
  3 ice dragons (D)
  2 hydras (D)
  A centaur warrior (D)
  4 death yaks (D)
  4 alligator snapping turtles (D)
  Erica (D)
  A death drake (D)
  An unseen horror (D)
  A spriggan druid (D)
  A deep elf mage (D)
  A lindwurm (D)
  An elephant (D)
  2 black mambas (D)
  2 spiny frogs (D)
  A komodo dragon (D)
  A fire drake (D)
  A queen bee (D)
  3 wandering mushrooms (D)
  8 blink frogs (D)
  2 giant leeches (D)
  2 snapping turtles (D)
  A shadow (D)
  3 redbacks (D)
  2 spriggans (D)
  A spatial vortex (D)
  A hydra simulacrum (D)
  A swamp drake (D)
  A necrophage (D)
  2 centaurs (D)
  An earth elemental (D)
  A water elemental (D)
  A scorpion (D)
  32 killer bees (D)
  An electric eel (D)
  A jelly (D)
  Jessica (D)
  A wizard (D)
  A necromancer (D)
  3 humans (D)
  A kobold demonologist (D)
  2 oozes (D)
  2 swamp drake simulacra (D)
  A rat (D)
  A plant (D)
  A tentacle (D)
110 creatures vanquished.

Vanquished Creatures (others)
  2 draconian scorchers (D)
  A hydra (D)
  2 yaktaurs (D)
  A fungus (D)
  11 plants (D)
  6 tentacles (D)
  117 tentacle segments (D)
140 creatures vanquished.

Grand Total: 250 creatures vanquished

Notes
Turn   | Place    | Note
--------------------------------------------------------------
     0 | D        | Kidiri the Spriggan Enchanter began the quest for the Orb.
     0 | D        | Reached XP level 1. HP: 9/9 MP: 5/5
    16 | D        | Reached skill level 5 in Stealth
    19 | D        | Reached XP level 2. HP: 14/14 MP: 5/7
    23 | D        | Learned a level 2 spell: Ensorcelled Hibernation
    40 | D        | Noticed Jessica
    43 | D        | Killed Jessica
    43 | D        | Reached skill level 1 in Fighting
    43 | D        | Reached skill level 1 in Armour
    43 | D        | Reached skill level 6 in Stealth
    43 | D        | Reached XP level 3. HP: 18/18 MP: 7/9
    54 | D        | Learned a level 3 spell: Confuse
    54 | D        | Killed a yaktaur
    58 | D        | Learned a level 3 spell: Dazzling Spray
   119 | D        | Reached skill level 5 in Dodging
   119 | D        | Reached skill level 1 in Ice Magic
   269 | D        | Noticed a scorpion
   276 | D        | Killed a scorpion
   276 | D        | Reached skill level 7 in Stealth
   276 | D        | Reached skill level 5 in Spellcasting
   276 | D        | Reached skill level 1 in Conjurations
   276 | D        | Reached skill level 5 in Hexes
   276 | D        | Reached XP level 4. HP: 22/22 MP: 10/12
   281 | D        | Learned a level 3 spell: Tukima's Dance
   289 | D        | Killed a white draconian scorcher
   299 | D        | Gained mutation: Your muscles are strong. (Str +2) [potion of mutation]
   299 | D        | Gained mutation: You are surrounded by a mild repulsion field (EV +2). [potion of mutation]
   299 | D        | Gained mutation: Your muscles are very strong. (Str +4) [potion of mutation]
   300 | D        | Gained mutation: You tend to lose your temper in combat. [potion of mutation]
   300 | D        | Gained mutation: You possess an exceptional clarity of mind. [potion of mutation]
   300 | D        | Gained mutation: You are somewhat resistant to further mutation. [potion of mutation]
   318 | D        | Noticed a water elemental
   320 | D        | Killed a water elemental
   320 | D        | Reached skill level 8 in Stealth
   320 | D        | Reached XP level 5. HP: 24/26 MP: 14/14
   330 | D        | Noticed a shadow
   332 | D        | Killed a shadow
   332 | D        | Reached skill level 5 in Short Blades
   332 | D        | Reached skill level 9 in Stealth
   332 | D        | Reached XP level 6. HP: 29/32 MP: 14/16
   341 | D        | Found an oddly glowing altar of Pakellas.
   341 | D        | Found a stormy altar of Qazlal.
   342 | D        | Found a sacrificial altar of Ru.
   342 | D        | Found a burning altar of Makhleb.
   342 | D        | Found a viscous altar of Jiyva.
   342 | D        | Found a shimmering altar of Xom.
   342 | D        | Found a shadowy altar of Dithmenos.
   342 | D        | Found a sparkling altar of Nemelex Xobeh.
   342 | D        | Found a corrupted altar of Lugonu.
   342 | D        | Found an opulent altar of Gozag.
   342 | D        | Noticed a spatial vortex
   346 | D        | Became a worshipper of Dithmenos the Shadowed
   347 | D        | Killed a spatial vortex
   347 | D        | Reached skill level 10 in Stealth
   347 | D        | Reached skill level 1 in Invocations
   372 | D        | Found a radiant altar of Vehumet.
   373 | D        | Found a deep blue altar of Sif Muna.
   373 | D        | Found an ancient bone altar of Kikubaaqudgha.
   376 | D        | Reached * piety under Dithmenos
   376 | D        | Reached XP level 7. HP: 36/36 MP: 19/19
   376 | D        | Killed a white draconian scorcher
   398 | D        | Found an iron altar of Okawaru.
   399 | D        | Found a bloodstained altar of Trog.
   399 | D        | Noticed a human
   399 | D        | Noticed a human
   401 | D        | Killed a human
   402 | D        | Killed a human
   402 | D        | Reached skill level 11 in Stealth
   416 | D        | Found a glowing silver altar of Zin.
   417 | D        | Found a glowing golden altar of the Shining One.
   417 | D        | Found a white marble altar of Elyvilon.
   417 | D        | Noticed a deep elf mage
   423 | D        | Killed a deep elf mage
   423 | D        | Reached ** piety under Dithmenos
   423 | D        | Reached skill level 10 in Dodging
   423 | D        | Reached XP level 8. HP: 40/42 MP: 12/22
   481 | D        | Found a snail-covered altar of Cheibriados.
   482 | D        | Found a basalt altar of Yredelemnul.
   482 | D        | Found a blossoming altar of Fedhas.
   504 | D        | Noticed Erica
   506 | D        | Killed Erica
   506 | D        | Reached skill level 12 in Stealth
   506 | D        | Reached skill level 10 in Spellcasting
   554 | D        | Reached XP level 9. HP: 44/46 MP: 3/24
   667 | D        | Noticed a centaur warrior
   671 | D        | Killed a centaur warrior
   671 | D        | Reached *** piety under Dithmenos
   671 | D        | Reached skill level 13 in Stealth
   691 | D        | Noticed an unseen horror
   693 | D        | Killed an unseen horror
   693 | D        | Reached skill level 5 in Fighting
   693 | D        | Reached skill level 5 in Ice Magic
   703 | D        | Noticed a queen bee
   711 | D        | Reached **** piety under Dithmenos
   717 | D        | Reached skill level 14 in Stealth
   754 | D        | Reached ***** piety under Dithmenos
   754 | D        | Reached skill level 10 in Short Blades
   836 | D        | Killed a six-headed hydra
   997 | D        | Reached XP level 10. HP: 51/51 MP: 18/26
  1016 | D        | Reached ****** piety under Dithmenos
  1328 | D        | Reached skill level 5 in Armour
  1328 | D        | Reached skill level 5 in Evocations
  1604 | D        | Noticed a spiny frog
  1604 | D        | Noticed a spiny frog
  1607 | D        | Killed a spiny frog
  1607 | D        | Reached skill level 15 in Stealth
  1610 | D        | Killed a spiny frog
  1618 | D        | Reached skill level 5 in Conjurations
  1647 | D        | Noticed a lindwurm
  1650 | D        | Killed a lindwurm
  1668 | D        | Noticed Maud
  1671 | D        | Killed Maud
  1671 | D        | Reached skill level 16 in Stealth
  1671 | D        | Reached XP level 11. HP: 57/57 MP: 28/28
  1676 | D        | Noticed a five-headed hydra
  1676 | D        | Noticed a six-headed hydra
  1682 | D        | Reached skill level 10 in Hexes
  1688 | D        | Killed a six-headed hydra
  1702 | D        | Killed a five-headed hydra
  1702 | D        | Reached skill level 15 in Dodging
  1781 | D        | Noticed a death drake
  1783 | D        | Killed a death drake
  1907 | D        | Found a blossoming altar of Fedhas.
  1907 | D        | Noticed a spriggan druid
  1919 | D        | Killed a spriggan druid
  2056 | D        | Noticed an ice dragon
  2057 | D        | Noticed an ice dragon
  2058 | D        | Killed an ice dragon
  2058 | D        | Reached skill level 17 in Stealth
  2059 | D        | Found Calyucli's Jewellery Emporium.
  2059 | D        | Noticed an ice dragon
  2061 | D        | Found Ykutsog's Food Shop.
  2109 | D        | Killed an ice dragon
  2194 | D        | Found Wuttodar's Antique Armour Shoppe.
  2391 | D        | Killed an ice dragon
  2581 | D        | Got a decaying rune of Zot
  3080 | D        | Noticed Rupert
  3085 | D        | Killed Rupert
  3085 | D        | Reached skill level 18 in Stealth
  3085 | D        | Reached XP level 12. HP: 63/63 MP: 26/31
  3109 | D        | Noticed a death yak
  3110 | D        | Noticed a death yak
  3110 | D        | Noticed an azure jelly
  3110 | D        | Noticed a death yak
  3110 | D        | Noticed an azure jelly
  3110 | D        | Noticed a death yak
  3116 | D        | Killed a death yak
  3127 | D        | Killed a death yak
  3295 | D        | Killed a death yak
  3441 | D        | Killed a death yak
  3705 | D        | Reached skill level 15 in Spellcasting
  3744 | D        | Noticed a kraken
  4011 | D        | Killed a kraken
  4028 | D        | Noticed an alligator snapping turtle
  4028 | D        | Noticed an alligator snapping turtle
  4029 | D        | Reached skill level 19 in Stealth
  4069 | D        | Noticed an alligator snapping turtle
  4069 | D        | Noticed an alligator snapping turtle
  4069 | D        | Found Difinkett's Antique Armour Shop.
  4069 | D        | Found Feipiteh's Distillery.
  4069 | D        | Found Huopreb's Gadget Shoppe.
  4070 | D        | Killed an alligator snapping turtle
  4072 | D        | Killed an alligator snapping turtle
  4615 | D        | Killed an alligator snapping turtle
  4623 | D        | Killed an alligator snapping turtle
  4645 | D        | Got a barnacled rune of Zot
  4731 | D        | Noticed an azure jelly
  4731 | D        | Noticed an azure jelly
  4732 | D        | Noticed a dire elephant
  4732 | D        | Noticed a dire elephant
  4732 | D        | Noticed Gastronok
  5214 | D        | Killed Gastronok
  5214 | D        | Reached skill level 10 in Evocations
  5219 | D        | Mangled by a dire elephant

Vault maps used:
D:        dungeon_sprint_mu

Action                   |  1- 3 |  4- 6 |  7- 9 | 10-12 || total
-------------------------+-------+-------+-------+-------++-------
Melee: Dagger            |    23 |     6 |    81 |   123 ||   233
 Cast: Corona            |     3 |       |       |     1 ||     4
       Ensorcelled Hiber |     5 |       |    17 |    57 ||    79
       Dazzling Spray    |     1 |       |    11 |    69 ||    81
       Confuse           |       |       |     1 |     8 ||     9
       Tukima's Dance    |       |       |     1 |       ||     1
Invok: Shadow Step       |       |       |       |    13 ||    13
  Use: Potion            |     2 |     2 |     2 |       ||     6
       Scroll            |       |     2 |       |     1 ||     3
 Stab: Sleeping          |     5 |     6 |    19 |    51 ||    81
       Confused          |       |       |     1 |     1 ||     2
       Invisible         |       |       |     1 |    14 ||    15
  Eat: Fruit             |       |       |       |     6 ||     6
